 Dungeon Crawl Stone Soup version 0.22-a0-86-g94e0ad4 (webtiles) character file.

1782 KristoblXynda the Grappler (level 8, 0/59 HPs)
             Began as a Green Draconian Transmuter on Jan 21, 2018.
             Was a Believer of Cheibriados.
             Slain by a centaur (8 damage)
             ... on level 6 of the Dungeon.
             The game lasted 00:12:38 (6772 turns).

KristoblXynda the Grappler (DrTm)                   Turns: 6772, Time: 00:12:39

Health: 0/59       AC:  6    Str: 17    XL:     8   Next: 81%
Magic:  11/11      EV: 13    Int: 17    God:    Cheibriados [**....]
Gold:   304        SH:  0    Dex: 16    Spells: 10/11 levels left

rFire    + . .     SeeInvis .     - Unarmed
rCold    . . .     Gourm    .   (no shield)
rNeg     . . .     Faith    .   (armour unavailable)
rPois    +         Spirit   .   q - +0 hat
rElec    .         Reflect  .   (no cloak)
rCorr    .         Harm     .   (no gloves)
MR       .....                  (no boots)
Stlth    +.........             (no amulet)
HPRegen  0.19/turn              f - ring of protection from fire
MPRegen  0.12/turn              (no ring)

@: very slow
A: breathe noxious fumes, unfitting armour, hooves 1, horns 1, dopey 1, poison
resistance, screaming 1, cold-blooded, AC +6
a: Breathe Noxious Fumes, Bend Time, Renounce Religion


You were on level 6 of the Dungeon.
You worshipped Cheibriados.
Cheibriados was pleased with you.
You were not hungry.

You visited 2 branches of the dungeon, and saw 7 of its levels.

You collected 304 gold pieces.

Inventory:

Missiles
 p - a throwing net (quivered)
Armour
 q - a +0 hat (worn)
Jewellery
 f - a ring of protection from fire (left hand)
 n - an uncursed amulet of magic regeneration
Wands
 u - a wand of enslavement (9)
Scrolls
 a - a scroll of blinking {unknown}
 h - 2 scrolls of teleportation {unknown}
 i - 3 scrolls of immolation
 j - a scroll of remove curse {unknown}
 k - a scroll of amnesia {unknown}
 m - 4 scrolls of fear
 o - 2 scrolls of enchant armour {unknown}
 v - a scroll of noise {unknown}
Potions
 d - 2 potions of resistance
 l - a potion of might
 r - a potion of magic {unknown}
Books
 b - a book of Changes

   Spells                             Type                      Level
   a - Beastly Appendage              Transmutation                1
   b - Sticks to Snakes               Transmutation                2
   c - Spider Form                    Transmutation/Poison         3
   d - Ice Form                       Ice/Transmutation            4
   e - Blade Hands                    Transmutation                5
 y - a book of Misfortune

   Spells                             Type                      Level
   a - Confusing Touch                Hexes                        1
   b - Confuse                        Hexes                        3
   c - Gell's Gravitas                Translocation                3
   d - Petrify                        Transmutation/Earth          4
   e - Metabolic Englaciation         Hexes/Ice                    5
   f - Yara's Violent Unravelling     Hexes/Transmutation          5
Comestibles
 c - 15 rations
 g - a chunk of flesh


   Skills:
 - Level 1.1 Fighting
 - Level 2.0 Dodging
 + Level 8.5 Unarmed Combat
 - Level 2.0 Spellcasting
 + Level 6.8 Transmutations
 + Level 5.1 Invocations


You had 10 spell levels left.
You knew the following spells:

 Your Spells              Type           Power        Failure   Level  Hunger
a - Beastly Appendage     Tmut           ###...       1%          1    #......


Dungeon Overview and Level Annotations

Branches:
Dungeon (6/15)             Temple (1/1) D:4

Altars:
Ashenzari
Cheibriados
Dithmenos
Fedhas
Gozag
Makhleb
Nemelex Xobeh
Okawaru
Qazlal
Ru
Sif Muna
Trog
Uskayaw
Vehumet
Wu Jian
Xom
Yredelemnul
The Shining One

Shops:
D:5 =


Innate Abilities, Weirdness & Mutations

You can breathe blasts of noxious fumes.
Your lurid green scales are hard. (AC +6)
You cannot fit into any form of body armour.
Your system is resistant to poisons. (rPois)
You are cold-blooded and may be slowed by cold attacks.
You have large cloven feet.
You have a pair of small horns on your head.
You are dopey. (Int -2)
You occasionally shout uncontrollably at your foes.


Message History

A centaur is nearby!
A centaur is nearby!
The centaur shoots an arrow.
The arrow hits you.
You see here 3 arrows.
The centaur shoots an arrow.
The arrow hits you but does no damage.
The centaur shoots an arrow.
The arrow barely misses you.
You see here an arrow.
The centaur shoots an arrow.
The arrow hits you!
The centaur shoots an arrow.
The arrow hits you!
* * * LOW HITPOINT WARNING * * *
You see here 2 arrows.
The centaur unwields an uncursed shortbow.
The centaur hits you.
* * * LOW HITPOINT WARNING * * *
The centaur hits you but does no damage.
You punch the centaur! Your kick misses the centaur.
You tail-slap the centaur, but do no damage.
The centaur is severely wounded.
The centaur closely misses you. The centaur hits you!
You die...

### #.
....#....####..####.#PPP
>.. #.
....#...............#♣.♣
...
....'..(.####......##.P#
... ....#....#
##.#####♣P## ...
.........#####.# ♣. ...
........(......# #. ...
....##(######.###P# ...
.... #(# #...#.# ## #@#
#.#...# #....c# #######
#..#..# #. #..# # #...
##.# ..# ###


You could see a centaur.

Vanquished Creatures
  A troll (D:6)
  Grinder (D:6)
  Duvessa (D:6)
  An ice beast (D:5)
  A sky beast (D:5)
  3 ogres
  A centaur (D:6)
  A big kobold (D:6)
  Dowan (D:6)
  A howler monkey (D:4)
  A crimson imp (D:5)
  2 bullfrog zombies
  3 hounds
  2 bullfrog skeletons (D:4)
  3 orc priests
  4 orc wizards
  2 worker ants
  A hound zombie (D:5)
  A hound skeleton (D:4)
  4 adders
  A shadow imp (D:6)
  2 oozes (D:3)
  2 worms
  8 dart slugs
  6 leopard geckos
  18 orcs
  A ball python (D:3)
  3 bats
  5 giant cockroaches
  8 goblins
  7 hobgoblins
  10 jackals
  3 quokkas
  3 frilled lizards
  28 kobolds
  A quokka skeleton (D:5)
  10 rats
  A toadstool (D:1)
152 creatures vanquished.

Vanquished Creatures (collateral kills)
  An adder (D:6)
  A jackal (D:6)
2 creatures vanquished.

Vanquished Creatures (others)
  3 toadstools (D:1)
3 creatures vanquished.

Grand Total: 157 creatures vanquished

Notes
Turn   | Place    | Note
-------+----------+-------------------------------------------
     0 | D:1      | KristoblXynda the Draconian Transmuter began the quest for the Orb.
     0 | D:1      | Reached XP level 1. HP: 16/16 MP: 3/3
   253 | D:1      | Reached XP level 2. HP: 18/23 MP: 5/5
   944 | D:2      | Reached XP level 3. HP: 22/28 MP: 6/6
  1211 | D:2      | Reached skill level 4 in Unarmed Combat
  1589 | D:2      | Found a deep blue altar of Sif Muna.
  1748 | D:2      | Reached XP level 4. HP: 35/35 MP: 7/7
  2598 | D:3      | Reached skill level 5 in Unarmed Combat
  2598 | D:3      | Reached XP level 5. HP: 33/40 MP: 8/8
  2832 | D:3      | Found an ornate altar of the Wu Jian Council.
  3029 | D:3      | Found a bloodstained altar of Trog.
  3132 | D:4      | Reached XP level 6. HP: 35/47 MP: 9/9
  3514 | D:4      | Found a staircase to the Ecumenical Temple.
  3538 | Temple   | Entered the Ecumenical Temple
  3715 | D:4      | Reached skill level 6 in Unarmed Combat
  4568 | D:5      | Entered Level 5 of the Dungeon
  4628 | D:5      | Your scales start taking on a lurid green colour.
  4628 | D:5      | Reached XP level 7. HP: 30/52 MP: 10/10
  4628 | D:5      | Gained mutation: Your system is resistant to poisons. (rPois) [Green Draconian growth]
  4831 | Temple   | Became a worshipper of Cheibriados the Contemplative
  4905 | D:5      | Found a burning altar of Makhleb.
  4928 | D:5      | Reached skill level 1 in Invocations
  4940 | D:5      | Found a shattered altar of Ashenzari.
  4946 | D:5      | Found Robufadgh's Jewellery Shop.
  5012 | D:5      | Found an iron altar of Okawaru.
  5058 | D:5      | Reached skill level 7 in Unarmed Combat
  5058 | D:5      | Reached skill level 5 in Transmutations
  5483 | D:5      | Found a deep blue altar of Sif Muna.
  5620 | D:6      | Reached * piety under Cheibriados
  5853 | D:6      | Reached XP level 8. HP: 24/59 MP: 11/11
  6058 | D:6      | Noticed a troll
  6091 | D:6      | Killed a troll
  6251 | D:6      | Reached skill level 8 in Unarmed Combat
  6536 | D:6      | Noticed Grinder
  6559 | D:6      | Noticed Duvessa
  6560 | D:6      | Noticed Dowan
  6566 | D:6      | Paralysed by Grinder for 4 turns
  6584 | D:6      | Reached ** piety under Cheibriados
  6601 | D:6      | Killed Duvessa
  6617 | D:6      | Killed Grinder
  6617 | D:6      | Reached skill level 5 in Invocations
  6622 | D:6      | Gained mutation: You have large cloven feet. [potion of mutation]
  6622 | D:6      | Gained mutation: You are dopey. (Int -2) [potion of mutation]
  6622 | D:6      | Gained mutation: You occasionally shout uncontrollably at your foes. [potion of mutation]
  6622 | D:6      | Gained mutation: You have a pair of small horns on your head. [potion of mutation]
  6624 | D:6      | Killed Dowan
  6772 | D:6      | Slain by a centaur

Vault maps used:
D:1:      ldierk_water_garden
D:2:      overflow_temple_1_default, minmay_pentomino_w2
D:3:      marbit_many_paths, first_ration, minmay_misc_feat_ornament,
          trog_hazing_becter
D:4:      kennysheep_slugbush, minmay_temple_entry_grid
D:5:      kennysheep_mini_moat, makhleb_blood_cavern_becter,
          cheibrodos_ashenzari_chains, serial_shops, nicolae_shop_crystal,
          lemuel_blue_sif_altar
D:6:      kennysheep_kobold_camp, uniq_duvessa, uniq_grinder
Temple:   hc_temple_tempest_star

Skill      XL: |  1  2  3  4  5  6  7  8 |
---------------+-------------------------+-----
Dodging        | 2 |  2.0
Unarmed Combat | 4 5 6 7 8 |  8.5
Transmutations | 3 4 5 6 |  6.8
Invocations    | 3 5 |  5.1
Fighting       | |  1.1
Spellcasting   | |  2.0

Action                   |  1- 3 |  4- 6 |  7- 9 || total
-------------------------+-------+-------+-------++-------
Melee: Unarmed           |   180 |   228 |   212 ||   620
       Tailslap          |    11 |    24 |    24 ||    59
       Punch             |     1 |     1 |     5 ||     7
       Headbutt          |     2 |     2 |     3 ||     7
       Kick              |       |     6 |     8 ||    14
 Cast: Beastly Appendage |     1 |     4 |     3 ||     8
 Abil: Breathe Noxious F |       |       |     4 ||     4
Evoke: Wand              |       |       |     3 ||     3
  Use: Scroll            |       |    10 |     1 ||    11
       Potion            |       |     2 |     4 ||     6
 Stab: Sleeping          |     1 |     2 |     1 ||     4
       Confused          |       |       |     3 ||     3
       Paralysed         |       |       |     1 ||     1
  Eat: Chunk             |     2 |     7 |     3 ||    12
       Ration            |       |     1 |     1 ||     2
Armor: Skin              |    54 |    77 |    46 ||   177
Dodge: Dodged            |   124 |   130 |   118 ||   372

Table legend:
 A = Spawn XP
 B = Non-spawn XP
 C = Spawn XP percentage of total XP
 D = Spawn monster count
 E = Non-spawn monster count
 F = Spawn count percentage of total count
 G = Total turns spent on level
                    A         B        C        D         E        F      G
               +---------+---------+-------+---------+---------+-------+---------
         Total |       0 |    2546 |   0.0 |       0 |     153 |   0.0 |  6772
               +---------+---------+-------+---------+---------+-------+---------
           D:1 |       0 |      28 |   0.0 |       0 |      18 |   0.0 |   812
           D:2 |       0 |      73 |   0.0 |       0 |      21 |   0.0 |  1070
           D:3 |       0 |     260 |   0.0 |       0 |      32 |   0.0 |  1472
           D:4 |       0 |     361 |   0.0 |       0 |      18 |   0.0 |   948
           D:5 |       0 |     473 |   0.0 |       0 |      15 |   0.0 |   774
           D:6 |       0 |    1351 |   0.0 |       0 |      49 |   0.0 |  1199
               +---------+---------+-------+---------+---------+-------+---------
